 Dungeon Crawl Stone Soup version 0.24-b1-44-g37ad8b309f (webtiles) character file.

Game seed: 17021077281216614375, levelgen mode: deterministic

8794 Mrkan the Grappler (level 11, 0/109 HPs)
             Began as a Troll Monk on Oct 24, 2019.
             Was a Priest of Ru.
             Succumbed to a black mamba's poison
             ... on level 1 of the Lair of Beasts.
             The game lasted 00:21:15 (9218 turns).

Mrkan the Grappler (Troll Monk)                     Turns: 9218, Time: 00:21:15

Health: 0/109      AC: 11    Str: 24    XL:     11   Next: 14%
Magic:  10/10      EV: 10    Int:  6    God:    Ru [***...]
Gold:   493        SH:  0    Dex: 12    Spells: 10/10 levels left

rFire    . . .     SeeInvis .     - Unarmed
rCold    . . .     Gourm    +   (no shield)
rNeg     . . .     Faith    .   e - +1 steam dragon scales
rPois    .         Spirit   .   (helmet restricted)
rElec    .         Reflect  .   q - +0 cloak
rCorr    .         Harm     .   (gloves unavailable)
MR       .....                  (boots unavailable)
Stlth    ++........             (no amulet)
HPRegen  0.68/turn              (no ring)
MPRegen  0.12/turn              (no ring)

@: lethally poisoned (0 -> -49)
A: large, unfitting armour, claws 3, fast metabolism 3, gourmand, regeneration
1, shaggy fur 1, tough skin 3, inability to use devices, hated by all
a: Draw Out Power, Renounce Religion


You were on level 1 of the Lair of Beasts.
You worshipped Ru.
Ru was most pleased with you.
You were completely stuffed.

You visited 3 branches of the dungeon, and saw 12 of its levels.
You also visited: Sewer.

You collected 493 gold pieces.

Inventory:

Missiles
 c - 349 stones (quivered)
 g - 10 poisoned darts
 y - 8 boomerangs
 B - 2 throwing nets
 J - 9 javelins
Armour
 a - a +0 robe
 e - +1 steam dragon scales (worn)
 q - a +0 cloak (worn)
Jewellery
 h - an uncursed ring of magical power
 j - an uncursed ring of stealth
 v - an uncursed ring of protection from cold
 I - an uncursed amulet of guardian spirit
 L - a +5 ring of evasion
Wands
 A - a wand of acid (3)
 C - a wand of enslavement (7)
 M - a wand of polymorph (9)
Scrolls
 d - 6 scrolls of remove curse
 i - 4 scrolls of enchant armour
 l - 3 scrolls of identify
 n - a scroll of amnesia {unknown}
 p - 6 scrolls of teleportation
 r - 4 scrolls of fear
 t - a scroll of magic mapping
 u - a scroll of blinking {unknown}
 D - 2 scrolls of fog {unknown}
 G - a scroll of brand weapon {unknown}
 K - a scroll of enchant weapon {unknown}
Potions
 f - 4 potions of heal wounds
 k - 3 potions of invisibility
 m - a potion of flight {unknown}
 o - 2 potions of lignification
 s - a potion of degeneration {unknown}
 w - a potion of berserk rage {unknown}
 x - a potion of agility {unknown}
 z - 2 potions of brilliance {unknown}
 E - a potion of mutation {unknown}
 F - a potion of haste {unknown}
 H - a potion of ambrosia {unknown}
 N - 2 potions of curing
Comestibles
 b - 24 rations
 O - 11 chunks of flesh


   Skills:
 + Level 7.4 Fighting
 + Level 7.4 Throwing
 - Level 2.4 Dodging
 - Level 1.0 Stealth
 - Level 12.9 Unarmed Combat


You had 10 spell levels left.
You didn't know any spells.
Your spell library contained the following spells:

 Spells                   Type           Power        Failure   Level  Hunger
 Confusing Touch          Hex            #.....       45%         1    ##.....
 Confuse                  Hex            #.......     83%         3    ####...
 Gell's Gravitas          Tloc           #.........   83%         3    ####...
 Petrify                  Tmut/Erth      #.......     99%         4    #####..
 Metabolic Englaciation   Hex/Ice        #.........   100%        5    ######.
 Yara's Violent Unravell  Hex/Tmut       #.........   100%        5    ######.


Dungeon Overview and Level Annotations

Branches:
Dungeon (10/15)            Temple (1/1) D:7            Lair (1/6) D:8
    Orc (0/2) D:10          Sewer (visited)

Altars:
Ashenzari
Cheibriados
Dithmenos
Elyvilon
Fedhas
Gozag
Hepliaklqana
Kikubaaqudgha
Makhleb
Nemelex Xobeh
Okawaru
Qazlal
Ru
Sif Muna
Trog
Uskayaw
Vehumet
Wu Jian
Xom
Yredelemnul
Zin
The Shining One

Shops:
D:7 !   D:9 *   D:10 *


Innate Abilities, Weirdness & Mutations

You are too large for most types of armour.
You have claws for hands.
Your metabolism is lightning-fast.
You like to eat raw meat.
Your natural rate of healing is unusually fast.
You are covered in fur. (AC +1)
You have extremely tough skin. (AC +3)
You cannot study or use magical devices.
You are hated by all.


Message History

The black mamba is stunned by your will and fails to attack.
The black mamba bites you but does no damage.
Unknown command.
You mangle the black mamba!!
You kill the black mamba!
You feel very sick.
The black mamba bites you but does no damage. x2
You mangle the komodo dragon!!
The komodo dragon is heavily wounded.
You feel very sick. The black mamba bites you!
* * * LOW HITPOINT WARNING * * *
You are more poisoned.
The black mamba poisons you! The komodo dragon bites you!
* * * LOW HITPOINT WARNING * * *
* * * LOW HITPOINT WARNING * * *
You feel very sick. The black mamba bites you.
* * * LOW HITPOINT WARNING * * *
You die...

#...### ..... ##..##
⌠...⌠ ###. ##..## ....
.≈≈≈. #...### .⌠.. ≈≈≈≈.≈
##.....# ... ≈≈≈≈≈..#
##......###...# ≈≈≈≈≈≈.#
#.....S......# ..≈≈≈≈.#
#......l#....# .>.≈≈≈.#
##....@..#....# ≈.≈≈≈≈.#
..........#....#
≈≈≈≈≈≈.##..#......##).###
≈≈≈≈≈≈....#[....... ..#
≈≈≈≈....# ###....##.>.#
.≈≈.....# #...## ...#
#P###..## .#.. ##
###.#.## #####
####..#####


You could see a komodo dragon and a black mamba.

Vanquished Creatures
  A two-headed ogre (D:10)
  Pikel (D:6)
  2 black mambas (Lair:1)
  A spiny frog (Lair:1)
  Prince Ribbit (D:5)
  A hornet (D:8)
  A hippogriff (Lair:1)
  A wraith (D:10)
  A wyvern (D:9)
  3 yaks (Lair:1)
  Eustachio (D:6)
  2 water moccasins
  5 orc warriors
  A black bear (D:9)
  3 phantoms
  4 ogres
  3 centaurs
  3 crocodiles (Lair:1)
  7 big kobolds (Sewer)
  Blork the orc (D:5)
  9 bullfrogs
  A gnoll sergeant (D:8)
  3 scorpions
  7 killer bees
  2 wights (D:6)
  A crimson imp (D:2)
  4 bullfrog zombies
  A hound (D:5)
  7 jellies
  3 quasits
  4 orc priests
  9 orc wizards
  Crazy Yiuf (D:3)
  3 bullfrog skeletons
  Natasha (thrice) (D:3)
  Ijyb (D:5)
  2 iguanas (D:5)
  6 worker ants
  A hound skeleton (D:7)
  18 adders
  9 gnolls
  2 river rats
  A shadow imp (D:6)
  8 oozes
  An adder skeleton (D:4)
  A dart slug (D:4)
  6 leopard geckos
  25 orcs
  12 bats
  6 giant cockroaches
  10 hobgoblins
  4 quokkas
  5 ball pythons
  6 frilled lizards
  7 goblins
  10 kobolds
  2 leopard gecko skeletons
  13 rats
257 creatures vanquished.

Vanquished Creatures (others)
  A hippogriff (D:8)
1 creature vanquished.

Grand Total: 258 creatures vanquished

Notes
Turn   | Place    | Note
-------+----------+-------------------------------------------
     0 | D:1      | Mrkan the Troll Monk began the quest for the Orb.
     0 | D:1      | Reached XP level 1. HP: 22/22 MP: 0/0
   336 | D:1      | Reached XP level 2. HP: 29/29 MP: 1/1
   589 | D:2      | Reached skill level 4 in Unarmed Combat
   713 | D:2      | Noticed a crimson imp
   725 | D:2      | Reached XP level 3. HP: 32/36 MP: 2/2
   726 | D:2      | Reached skill level 5 in Unarmed Combat
   726 | D:2      | Reached XP level 4. HP: 39/44 MP: 3/3
  1301 | D:3      | Reached XP level 5. HP: 50/50 MP: 4/4
  1418 | D:3      | Reached skill level 6 in Unarmed Combat
  1529 | D:3      | Found a runed translucent door.
  1530 | D:3      | Noticed Crazy Yiuf
  1536 | D:3      | Killed Crazy Yiuf
  1723 | D:3      | Noticed Natasha
  1730 | D:3      | Killed Natasha
  1818 | D:3      | Noticed Natasha
  1825 | D:3      | Killed Natasha
  1825 | D:3      | Reached XP level 6. HP: 55/59 MP: 5/5
  1881 | D:3      | Noticed Natasha
  1887 | D:3      | Killed Natasha
  1941 | D:4      | Reached skill level 7 in Unarmed Combat
  2249 | D:4      | Found a sparkling altar of Nemelex Xobeh.
  2646 | D:5      | Entered Level 5 of the Dungeon
  2646 | D:5      | Noticed Prince Ribbit
  2655 | D:5      | Killed Prince Ribbit
  2655 | D:5      | Reached skill level 8 in Unarmed Combat
  2655 | D:5      | Reached XP level 7. HP: 63/66 MP: 6/6
  2666 | D:5      | Noticed Ijyb
  2673 | D:5      | Killed Ijyb
  2766 | D:5      | Found a shimmering blue altar of Sif Muna.
  2930 | D:5      | Reached skill level 9 in Unarmed Combat
  2989 | D:5      | Noticed Blork the orc
  2996 | D:5      | Killed Blork the orc
  3429 | D:5      | Reached XP level 8. HP: 74/74 MP: 7/7
  3727 | D:6      | Reached skill level 10 in Unarmed Combat
  3902 | D:6      | Noticed Eustachio
  3925 | D:6      | Killed Eustachio
  3925 | D:6      | Reached skill level 11 in Unarmed Combat
  4067 | D:6      | Noticed Pikel
  4076 | D:6      | Killed Pikel
  4076 | D:6      | Reached skill level 12 in Unarmed Combat
  4076 | D:6      | Reached XP level 9. HP: 63/80 MP: 8/8
  4423 | D:6      | Found a glowing drain.
  4427 | Sewer    | Entered a sewer
  5169 | D:7      | Found a staircase to the Ecumenical Temple.
  5223 | Temple   | Entered the Ecumenical Temple
  5242 | Temple   | Became a worshipper of Ru the Awakened
  5262 | D:7      | Gained mutation: You are hated by all. [Ru sacrifice]
  5262 | D:7      | Reached * piety under Ru
  5280 | D:7      | Found Duluhus's Distillery.
  5541 | D:8      | Found a staircase to the Lair.
  5548 | D:8      | Reached skill level 1 in Throwing
  5799 | D:8      | Paralysed by a hornet for 2 turns
  5803 | D:8      | Reached XP level 10. HP: 59/94 MP: 9/9
  5833 | D:8      | Found a shimmering blue altar of Sif Muna.
  6082 | D:8      | Found a shattered altar of Ashenzari.
  6082 | D:8      | Found a shadowy altar of Dithmenos.
  6087 | D:8      | Found a white marble altar of Elyvilon.
  6089 | D:8      | Found a faded altar of an unknown god.
  6090 | D:8      | Found a stormy altar of Qazlal.
  6309 | D:9      | Reached skill level 5 in Fighting
  6413 | D:9      | Found a glowing silver altar of Zin.
  6413 | D:9      | Found Zin's Purification Station.
  6533 | D:9      | Found a hazy altar of Hepliaklqana.
  6596 | D:9      | Reached skill level 5 in Throwing
  6605 | D:9      | Gained mutation: You cannot study or use magical devices.
                  | [Ru sacrifice]
  6605 | D:9      | Reached ** piety under Ru
  6605 | D:9      | Reached *** piety under Ru
  6712 | D:9      | Identified the cursed +1 robe "Eplaf" {*Slow rC+ Int+3}
  7178 | D:10     | Entered Level 10 of the Dungeon
  7396 | D:10     | Noticed a two-headed ogre
  7408 | D:10     | Killed a two-headed ogre
  7604 | D:10     | Found a staircase to the Orcish Mines.
  7671 | D:10     | Found Pomaipn's Antique Artefacts.
  8821 | Lair:1   | Entered Level 1 of the Lair of Beasts
  8884 | Lair:1   | Noticed a black mamba
  8890 | Lair:1   | Killed a black mamba
  9009 | Lair:1   | Reached XP level 11. HP: 78/109 MP: 10/10
  9217 | Lair:1   | HP: 5/109 [black mamba (1)]
  9218 | Lair:1   | Succumbed to a black mamba's poison

Skill      XL: |  1  2  3  4  5  6  7  8  9 10 11 |
---------------+----------------------------------+-----
Unarmed Combat | 4 5 6 8 9 12 | 12.9
Fighting       | 4 7 |  7.4
Throwing       | 3 6 7 |  7.4
Dodging        | |  2.4
Stealth        | |  1.0

Action                   |  1- 3 |  4- 6 |  7- 9 | 10-12 || total
-------------------------+-------+-------+-------+-------++-------
Melee: Unarmed           |    59 |   138 |   268 |   218 ||   683
       Punch             |     1 |     3 |     9 |    13 ||    26
Throw: Stone             |     9 |       |       |       ||     9
Invok: Sacrifice Love    |       |       |     1 |       ||     1
       Sacrifice Artific |       |       |       |     1 ||     1
  Use: Scroll            |       |       |       |    13 ||    13
 Stab: Sleeping          |     1 |     3 |     7 |     2 ||    13
       Distracted        |       |       |     1 |     1 ||     2
  Eat: Chunk             |     6 |    20 |    31 |    27 ||    84
       Ration            |       |     1 |       |     1 ||     2
Armor: Robe              |     6 |       |       |       ||     6
       Steam dragon scal |    49 |    59 |   131 |    79 ||   318
Dodge: Dodged            |    56 |    89 |   121 |    98 ||   364
